cohdb
Replays
Latest Replays
All Replays
Popular Replays
Top Player Replays
Match Explorer
How It Works
Community
CoH3 Stats
Reddit
Sign in to upload your games and track your stats! →
Sign in with Steam
Match 38269485
Unlisted
Match 38269485
Overview
Messages
Build Orders
End
Pioneer Squad
Selects Mechanized Battlegroup
Construct Infanterie Kompanie
Grenadier Squad
GrW 34 Mortar Team
Grenadier Squad
MG 42 Machine Gun Team
Construct Luftwaffe Kompanie
221 Scout Car
Selects Raid Package
Medical Station
Jäger Squad
Jäger Squad
Selects 8 Rad Armored Car
8 Rad Armored Car
8 Rad Armored Car
Luftwaffe Officer Quarters
Selects Mobile Repair Stations
8 Rad Armored Car
BIOHAZARD
lumezzz1919
Bronto
<V> | Sir John
0
0
Comments
sign in to comment!
No comments posted yet!